 Dungeon Crawl Stone Soup version 0.18.2-3-g5ac21b8443 (webtiles) character file.

2261 Froggeryz the Slicer (level 9, -5/91 HPs)
             Began as an Octopode Berserker on Apr 28, 2022.
             Was a High Priest of Trog.
             Killed from afar by an orc wizard (7 damage)
             ... with a puff of frost
             ... on level 7 of the Dungeon.
             The game lasted 00:09:08 (7226 turns).

Froggeryz the Slicer (Octopode Berserker)           Turns: 7226, Time: 00:09:09

Health: -5/91      AC:  1    Str: 21    XL:     9   Next: 38%
Magic:  9/9        EV: 15    Int: 10    God:    Trog [*****.]
Gold:   272        SH:  0    Dex: 14    Spells: 0 memorised, 8 levels left

rFire  . . .     SeeInvis .     v - +1 short sword (drain)
rCold  + . .     Gourm    .     (no shield)
rNeg   . . .     Faith    .     (helmet restricted)
rPois  .         Spirit   .     (no amulet)
rElec  .         Dismiss  .     w - ring of protection from cold
rCorr  .         Reflect  .     (no ring)
SustAt .         Harm     .     (no ring)
MR     ++...                    (no ring)
Stlth  ..........               (no ring)
                                (no ring)
                                (no ring)
                                (no ring)

@: berserking, regenerating, very quick, very resistant to hostile enchantments,
extremely unstealthy
A: almost no armour, amphibious, 8 rings, constrict 8, camouflage 1, gelatinous
body 1
a: Berserk, Trog's Hand, Brothers in Arms, Burn Spellbooks, Renounce Religion


You were on level 7 of the Dungeon.
You worshipped Trog.
Trog was extremely pleased with you.
You were not hungry.

You visited 1 branch of the dungeon, and saw 7 of its levels.
You also visited: Sewer.

You collected 272 gold pieces.

Inventory:

Hand Weapons
 g - a +0 hunting sling
 k - a +2 dagger of venom
 v - a +1 short sword of draining (weapon)
 H - a +2 rapier of venom
Missiles
 h - 204 stones
 l - 15 poisoned needles (quivered)
 q - 6 tomahawks
 x - 6 needles of confusion
 D - 40 sling bullets
Jewellery
 w - a ring of protection from cold (left tentacle)
 B - an uncursed ring of sustain attributes {unknown}
Wands
 J - a wand of disintegration (13/24)
Scrolls
 c - 4 scrolls of identify
 e - 2 scrolls of amnesia {unknown}
 f - 2 scrolls of recharging {unknown}
 i - a scroll of random uselessness {unknown}
 j - 4 scrolls of fear {unknown}
 m - 5 scrolls of enchant armour
 p - 3 scrolls of remove curse
 t - a scroll of enchant weapon
 y - 3 scrolls of teleportation {unknown}
Potions
 a - 4 potions of heal wounds
 d - 3 potions of lignification {unknown}
 n - 2 potions of cancellation {unknown}
 r - 4 potions of brilliance
 u - 11 potions of curing {unknown}
 z - a potion of agility {unknown}
 A - a potion of flight {unknown}
 C - a potion of haste {unknown}
 G - 2 potions of cure mutation {unknown}
 K - a potion of invisibility {unknown}
Comestibles
 b - 8 bread rations
 o - 2 meat rations
 s - a royal jelly
 E - a slice of pizza
 F - a beef jerky


   Skills:
 + Level 5.3 Fighting
 - Level 8.1 Short Blades
 - Level 4.5 Throwing
 + Level 6.1 Dodging
 - Level 6.3 Stealth


You had 8 spell levels left.
You didn't know any spells.

Dungeon Overview and Level Annotations

Branches:
Dungeon (7/15)             Temple (0/1) D:5

Altars:
Cheibriados
Fedhas
Kikubaaqudgha
Makhleb
Nemelex Xobeh
Okawaru
Qazlal
Trog
Xom
The Shining One

Shops:
D:4 %   D:7 }


Innate Abilities, Weirdness & Mutations

You cannot wear most types of armour.
You are amphibious.
You can wear up to eight rings at the same time.
You can use your tentacles to constrict eight enemies at once.
Your skin changes colour to match your surroundings (Stealth).
Your rubbery body absorbs attacks (AC +1).


Message History

Trog accepts your kill.
You closely miss the centaur. You squeeze the centaur!
The centaur is severely wounded.
The orc hits you.
* * * LOW HITPOINT WARNING * * *
The centaur hits you with an enchanted rapier.
* * * LOW HITPOINT WARNING * * *
You puncture the centaur!
You kill the centaur!
Trog accepts your kill.
Your Dodging skill increases to level 6!
Something hits you but does no damage.
You puncture the giant frog! You drain the giant frog!
You kill the giant frog!
Trog accepts your kill. The orc barely misses you.
You hear some strange, mumbled words.
A puff of frost appears from out of thin air!
The puff of frost hits you! You resist.
You die...

#...... ..# #.#
#.....###.# #.#
#.....'.#.# #.#
#.....#.#.# #.#
#.......#.###.#
##.......#.....##
#...............### #
##'####o#).......>.###.#
#......)@..............#
#.........######....#####
#.........+ #......##.
............# #..#.#.#..
............# ####.#.#..
............# ..#....
....######### ####.#..
.... #.'.. ... ###..


You could see an orc.

Vanquished Creatures
  Sigmund (D:6)
  A water moccasin (D:7)
  2 ice beasts (D:7)
  2 orc warriors
  2 centaurs
  A necrophage (D:7)
  2 ogres
  A giant frog (D:7)
  A scorpion (D:6)
  A howler monkey (D:5)
  A centaur skeleton (D:6)
  A jelly (D:7)
  5 hounds
  4 orc wizards
  4 orc priests
  3 iguanas
  Ijyb (D:2)
  5 worker ants
  A hound skeleton (D:7)
  13 adders
  3 gnolls (D:2)
  4 river rats (Sewer)
  A shadow imp (D:7)
  An adder zombie (D:6)
  2 dart slugs
  A worm (D:3)
  3 giant geckos
  26 orcs
  10 ball pythons
  9 bats
  2 bat zombies (D:2)
  6 giant cockroaches
  9 hobgoblins
  16 jackals
  5 quokkas
  A giant gecko skeleton (D:4)
  7 giant newts
  6 goblins
  A jackal skeleton (D:5)
  19 kobolds
  30 rats
  A rat zombie (D:2)
215 creatures vanquished.

Notes
Turn   | Place    | Note
--------------------------------------------------------------
     0 | D:1      | Froggeryz the Octopode Berserker began the quest for the Orb.
     0 | D:1      | Reached XP level 1. HP: 16/16 MP: 1/1
   106 | D:1      | Reached skill level 1 in Stealth
   362 | D:1      | Reached XP level 2. HP: 19/21 MP: 2/2
   636 | D:1      | Found a sparkling altar of Nemelex Xobeh.
   737 | D:1      | Reached ** piety under Trog
   740 | D:1      | Reached XP level 3. HP: 25/26 MP: 3/3
   860 | D:2      | Found a snail-covered altar of Cheibriados.
   951 | D:2      | Found a faded altar to an unknown god.
  1002 | D:2      | Found an ancient bone altar of Kikubaaqudgha.
  1070 | D:2      | Noticed Ijyb
  1075 | D:2      | Killed Ijyb
  1075 | D:2      | Reached XP level 4. HP: 29/31 MP: 4/4
  1243 | D:2      | Found an iron altar of Okawaru.
  1262 | D:2      | Found a burning altar of Makhleb.
  1273 | D:2      | Found a shimmering altar of Xom.
  1361 | D:2      | Found a glowing golden altar of the Shining One.
  1366 | D:2      | Reached skill level 4 in Short Blades
  1599 | D:2      | Reached XP level 5. HP: 31/36 MP: 5/5
  1759 | D:3      | Found a glowing drain.
  1774 | Sewer    | Entered a sewer
  1828 | Sewer    | Reached skill level 5 in Stealth
  2112 | Sewer    | Reached *** piety under Trog
  2726 | Sewer    | Reached skill level 5 in Short Blades
  2726 | Sewer    | Reached XP level 6. HP: 42/42 MP: 6/6
  2745 | Sewer    | Reached **** piety under Trog
  2985 | D:3      | Found a bloodstained altar of Trog.
  3524 | D:3      | Found a stormy altar of Qazlal.
  3524 | D:3      | Found a blossoming altar of Fedhas.
  3864 | D:4      | Reached skill level 1 in Throwing
  3912 | D:4      | Reached XP level 7. HP: 46/46 MP: 7/7
  4025 | D:4      | Reached ***** piety under Trog
  4032 | D:4      | Reached skill level 6 in Short Blades
  4083 | D:4      | Found Meudeliy's Food Shop.
  4410 | D:5      | Entered Level 5 of the Dungeon
  4460 | D:5      | Found a staircase to the Ecumenical Temple.
  5547 | D:6      | Reached XP level 8. HP: 52/52 MP: 8/8
  5575 | D:6      | Noticed Sigmund
  5584 | D:6      | Killed Sigmund
  5584 | D:6      | Reached skill level 7 in Short Blades
  6449 | D:7      | Received a gift from Trog
  6449 | D:7      | Reached skill level 8 in Short Blades
  6810 | D:7      | Reached skill level 5 in Dodging
  6810 | D:7      | Reached XP level 9. HP: 55/58 MP: 9/9
  7118 | D:7      | Found Cuesa's Quality Used Wands.
  7220 | D:7      | Reached skill level 5 in Fighting
  7224 | D:7      | HP: 1/91 [centaur/enchanted rapier (5)]
  7226 | D:7      | Killed from afar by an orc wizard

Skill      XL: |  1  2  3  4  5  6  7  8  9 |
---------------+----------------------------+-----
Stealth        | 1 2 3 4 5 6 |  6.3
Short Blades   | 4 5 6 8 |  8.1
Throwing       | 1 3 4 |  4.5
Dodging        | 5 6 |  6.1
Fighting       | 5 |  5.3

Action                   |  1- 3 |  4- 6 |  7- 9 || total
-------------------------+-------+-------+-------++-------
Melee: Short sword       |    57 |    41 |    77 ||   175
       Constrict         |    17 |    39 |    43 ||    99
       Tentacles         |    15 |    25 |    50 ||    90
       Dagger            |       |   139 |   131 ||   270
       Rapier            |       |       |     1 ||     1
 Fire: Hunting sling     |    11 |       |       ||    11
Invok: Trog's Hand       |       |     1 |     1 ||     2
       Berserk           |       |       |     1 ||     1
  Use: Scroll            |       |     7 |       ||     7
       Potion            |       |       |     2 ||     2
 Stab: Distracted        |     1 |       |       ||     1
       Sleeping          |     5 |    35 |    18 ||    58
  Eat: Chunk             |       |     9 |    11 ||    20
Armor: Skin              |     7 |     8 |     4 ||    19
Dodge: Dodged            |    32 |    77 |    80 ||   189
